 Dungeon Sprint DCSS version 0.21-a0-434-g806c6c2 (webtiles) character file.

1694 mastercheaf21 the Unseen (level 9, -14/54 HPs)
             Began as an Octopode Assassin on Nov 9, 2017.
             Was a Follower of Dithmenos.
             Demolished by a centaur warrior (15 damage)
             ... in the Dungeon (Sprint I: "Red Sonja").
             The game lasted 00:03:13 (212 turns).

mastercheaf21 the Unseen (Octopode Assassin)         Turns: 212, Time: 00:03:15

Health: -14/54     AC:  1    Str: 13    XL:     9   Next: 2%
Magic:  9/9        EV: 23    Int: 13    God:    Dithmenos [*.....]
Gold:   562        SH:  0    Dex: 14    Spells: 8/8 levels left

rFire    . . .     SeeInvis .   n - +2 dagger (venom)
rCold    . . .     Gourm    .   (no shield)
rNeg     . . .     Faith    .   (helmet restricted)
rPois    .         Spirit   .   (no amulet)
rElec    .         Reflect  .   (no ring)
rCorr    .         Harm     .   (no ring)
MR       .....     NoTele   +   (no ring)
Stlth    +++++++++.             (no ring)
HPRegen  0.18/turn              (no ring)
MPRegen  0.11/turn              (no ring)
                                (no ring)
                                (no ring)

@: wreathed by umbra
A: almost no armour, stealthy swim, amphibious, 8 rings, constrict 8, camouflage
1, gelatinous body 1
a: Renounce Religion


You were in the Dungeon.
You worshipped Dithmenos.
Dithmenos was aware of your devotion.
You were not hungry.

You visited 1 branch You collected 562 gold pieces.

Inventory:

Hand Weapons
 a - a +2 dagger
 b - a +0 blowgun
 n - a +2 dagger of venom (weapon)
Missiles
 c - 8 poisoned needles
 d - 8 curare-tipped needles
Scrolls
 k - a scroll of blinking
 l - a scroll of enchant armour {unknown}
 o - a scroll of amnesia {unknown}
Potions
 e - a potion of curing
 g - a potion of heal wounds
 h - a potion of haste
 i - 2 potions of magic
 j - a potion of berserk rage
 m - a potion of resistance {unknown}
Comestibles
 f - a bread ration


   Skills:
 - Level 2.0 Fighting
 - Level 2.0 Short Blades
 - Level 2.0 Throwing
 * Level 14.5 Dodging
 - Level 17.0 Stealth


You had 8 spell levels left.
You didn't know any spells.

Dungeon Overview and Level Annotations

Branches:
Dungeon (1/1)

Altars:
Cheibriados
Dithmenos
Elyvilon
Fedhas
Gozag
Hepliaklqana
Kikubaaqudgha
Makhleb
Nemelex Xobeh
Okawaru
Qazlal
Ru
Sif Muna
Trog
Uskayaw
Vehumet
Wu Jian
Xom
Yredelemnul
Zin
The Shining One
Jiyva
Lugonu

Shops:
D ?:[


Innate Abilities, Weirdness & Mutations

You cannot wear most types of armour.
You are very stealthy in the water. (Stealth+)
You are amphibious.
You can wear up to eight rings at the same time.
You can use your tentacles to constrict eight enemies at once.
Your skin changes colour to match your surroundings (Stealth+).
Your rubbery body absorbs attacks. (AC +1, EV +1)


Message History

The centaur warrior hits you. The centaur warrior hits you!
* * * LOW HITPOINT WARNING * * *
You closely miss the centaur warrior. You squeeze the centaur warrior!
The centaur warrior is moderately wounded.
The centaur warrior completely misses you.
The centaur warrior misses you. The centaur warrior hits you.
* * * LOW HITPOINT WARNING * * *
You hit the centaur warrior.
The centaur warrior looks as sick as possible!
The centaur warrior is moderately wounded.
The centaur warrior misses you. The centaur warrior closely misses you.
The centaur warrior completely misses you.
You hit the centaur warrior.
The centaur warrior looks as sick as possible!
Your squeeze misses the centaur warrior.
The centaur warrior is heavily wounded.
The centaur warrior hits you!
* * * LOW HITPOINT WARNING * * *
The centaur warrior hits you!
You die...

################
#.['..#.)'..#__#
'..#.)'..#..'..+
#####'#####'#__####
####..#...#.####§[#
#__####..##.#≈§§§§#
#_____##'#§.'§§§c§+
#_.∩...'...§#§§§@c#
#_..__##_.#'##'####
#_____###'#.#§..[###
#########.####'###.##
.......'...'..[..'[∩#
++++####.).##########
##.## #+#


You could see 2 centaur warriors.

Vanquished Creatures
  Sonja (D)
  A deep troll (D)
  A slime creature (D)
  Sigmund (D)
  A yak (D)
  An ogre (D)
  A jelly (D)
  Ijyb (D)
8 creatures vanquished.

Notes
Turn   | Place    | Note
-------+----------+-------------------------------------------
     0 | D        | mastercheaf21 the Octopode Assassin began the quest for the Orb.
     0 | D        | Reached XP level 1. HP: 14/14 MP: 1/1
     2 | D        | Noticed Ijyb
     5 | D        | Killed Ijyb
     5 | D        | Reached skill level 9 in Stealth
     5 | D        | Reached XP level 2. HP: 19/19 MP: 2/2
     5 | D        | Reached XP level 3. HP: 24/24 MP: 3/3
     8 | D        | Noticed an ogre
    11 | D        | Killed an ogre
    11 | D        | Reached skill level 13 in Stealth
    11 | D        | Reached XP level 4. HP: 29/29 MP: 4/4
    23 | D        | Noticed Sigmund
    26 | D        | Killed Sigmund
    26 | D        | Reached skill level 17 in Stealth
    26 | D        | Reached XP level 5. HP: 34/34 MP: 5/5
    26 | D        | Reached XP level 6. HP: 39/39 MP: 6/6
    40 | D        | Found an ornate altar of the Wu Jian Council.
    40 | D        | Found a deep blue altar of Sif Muna.
    42 | D        | Found a radiant altar of Vehumet.
    50 | D        | Found Yrepp's Book Emporium.
    50 | D        | Found an ancient bone altar of Kikubaaqudgha.
    50 | D        | Found a hazy altar of Hepliaklqana.
    50 | D        | Found a stormy altar of Qazlal.
    50 | D        | Found a hide-covered altar of Uskayaw.
    50 | D        | Found a blossoming altar of Fedhas.
    50 | D        | Found a bloodstained altar of Trog.
    50 | D        | Found an iron altar of Okawaru.
    50 | D        | Found a basalt altar of Yredelemnul.
    50 | D        | Found a glowing golden altar of the Shining One.
    50 | D        | Found a snail-covered altar of Cheibriados.
    50 | D        | Found a sacrificial altar of Ru.
    50 | D        | Found a glowing silver altar of Zin.
    50 | D        | Found a shadowy altar of Dithmenos.
    50 | D        | Found a white marble altar of Elyvilon.
    50 | D        | Noticed a yak
    51 | D        | Found an opulent altar of Gozag.
    52 | D        | Killed a yak
    52 | D        | Reached XP level 7. HP: 45/45 MP: 7/7
    53 | D        | Found a sparkling altar of Nemelex Xobeh.
    61 | D        | Became a worshipper of Dithmenos the Shadowed
   101 | D        | Found a burning altar of Makhleb.
   101 | D        | Found a viscous altar of Jiyva.
   101 | D        | Found a shimmering altar of Xom.
   101 | D        | Found a corrupted altar of Lugonu.
   101 | D        | Noticed a slime creature
   104 | D        | Killed a slime creature
   111 | D        | Noticed a centaur warrior
   112 | D        | Noticed a centaur warrior
   122 | D        | Noticed Sonja
   126 | D        | Killed Sonja
   126 | D        | Reached XP level 8. HP: 50/50 MP: 8/8
   144 | D        | Found Hekittis's Magic Scroll Boutique.
   160 | D        | Noticed a deep troll
   164 | D        | Killed a deep troll
   164 | D        | Reached * piety under Dithmenos
   164 | D        | Reached XP level 9. HP: 54/54 MP: 9/9
   176 | D        | Found Furideel's Armour Emporium.
   212 | D        | HP: 1/54 [centaur warrior (7)]
   212 | D        | Demolished by a centaur warrior

Vault maps used:
D:        dungeon_sprint_1

Skill      XL: |  1  2  3  4  5  6  7  8 |
---------------+-------------------------+-----
Stealth        | 9 13 17 | 17.0
Dodging        | 7 12 14 | 14.5
Fighting       | |  2.0
Short Blades   | |  2.0
Throwing       | |  2.0

Action                   |  1- 3 |  4- 6 |  7- 9 || total
-------------------------+-------+-------+-------++-------
Melee: Dagger            |     2 |     3 |     8 ||    13
       Tentacles         |       |       |     3 ||     3
 Stab: Sleeping          |     2 |     3 |     3 ||     8
Dodge: Dodged            |       |       |    11 ||    11

Table legend:
 A = Spawn XP
 B = Non-spawn XP
 C = Spawn XP percentage of total XP
 D = Spawn monster count
 E = Non-spawn monster count
 F = Spawn count percentage of total count
 G = Total turns spent on level
                    A         B        C        D         E        F      G
               +---------+---------+-------+---------+---------+-------+---------
         Total |       0 |    2421 |   0.0 |       0 |       8 |   0.0 |   212
               +---------+---------+-------+---------+---------+-------+---------
             D |       0 |    2421 |   0.0 |       0 |       8 |   0.0 |   212
               +---------+---------+-------+---------+---------+-------+---------
